 Dungeon Crawl Stone Soup version 0.28-a0-461-g2dc4ca5097 (webtiles) character file.

Game seed: 10453383738536083652

5257 mathmaestro the Ruffian (level 10, -1/94 (100) HPs)
             Began as a Troll Monk on Sept 13, 2021.
             Slain by a wight (11 damage)
             ... on level 9 of the Dungeon.
             The game lasted 00:14:20 (6945 turns).

mathmaestro the Ruffian (Troll Monk)                Turns: 6945, Time: 00:14:21

HP:   -1/94 (100)   AC: 10    Str: 24    XL:     10   Next: 36%
MP:   9/9           EV: 11    Int:  6    God:
Gold: 413           SH:  0    Dex: 12    Spells: 9/9 levels left

rFire   . . .      SeeInvis .     - Unarmed
rCold   . . .      Faith    .   (no shield)
rNeg    . . .      Spirit   .   v - +0 swamp dragon scales
rPois   +          Reflect  .   (helmet restricted)
rElec   .          Harm     .   (no cloak)
rCorr   .          Rampage  .   (gloves unavailable)
Will    .....                   (boots unavailable)
Stlth   +.........              (no amulet)
HPRegen 1.25/turn               (no ring)
MPRegen 0.11/turn               (no ring)

@: drained
A: large, unfitting armour, claws 3, regeneration 1, shaggy fur 1, tough skin 1,
screaming 1
a: no special abilities


You were on level 9 of the Dungeon.
You visited 2 branches of the dungeon, and saw 11 of its levels.
You also visited: Ossuary.

You collected 413 gold pieces.

Inventory:

Hand Weapons
 s - a +3 war axe of electrocution
Missiles
 c - 493 stones (quivered)
 g - 150 arrows
 j - 136 bolts
 l - 82 sling bullets
 n - 8 boomerangs
 o - 47 poisoned darts
Armour
 b - +0 steam dragon scales
 v - +0 swamp dragon scales (worn)
Wands
 a - a wand of flame (17)
 d - a wand of mindburst (13)
 p - a wand of paralysis (4)
Scrolls
 e - 2 scrolls of teleportation
 f - 4 scrolls of identify
 i - 2 scrolls of blinking
 k - a scroll of enchant armour {unknown}
 m - a scroll of enchant weapon
Potions
 h - a potion of lignification {unknown}
 q - 2 potions of heal wounds
 r - a potion of berserk rage {unknown}
 t - a potion of might
 u - a potion of curing
 w - 3 potions of haste
 x - a potion of magic {unknown}


   Skills:
 + Level 6.3 Fighting
 + Level 6.1 Throwing
 + Level 5.4 Armour
 + Level 6.3 Dodging
 - Level 1.0 Stealth
 + Level 7.6 Unarmed Combat


You had 9 spell levels left.
You didn't know any spells.
Your spell library contained the following spells:

 Spells                   Type           Power      Damage    Failure   Level
 Animate Skeleton         Necr           0%         N/A       58%         1
 Apportation              Tloc           0%         N/A       58%         1
 Summon Small Mammal      Summ           0%         N/A       58%         1
 Stone Arrow              Conj/Erth      0%         3d7       91%         3
 Animate Armour           Summ/Erth      0%         N/A       100%        4
 Lehudib's Crystal Spear  Conj/Erth      0%         10d2      100%        8


Dungeon Overview and Level Annotations

Branches:
Dungeon (10/15)            Temple (1/1) D:5            Lair (0/6) D:9
Ossuary (visited)
    Orc: D:9-12

Altars:
Ashenzari
Cheibriados
Dithmenos
Elyvilon
Fedhas
Gozag
Hepliaklqana
Kikubaaqudgha
Makhleb
Nemelex Xobeh
Okawaru
Qazlal
Ru
Sif Muna
Trog
Uskayaw
Vehumet
Wu Jian
Xom
Yredelemnul
Zin
The Shining One

Shops:
D:7 (   D:8 (


Innate Abilities, Weirdness & Mutations

You are too large for most types of armour.
You have claws for hands.
Your natural rate of healing is unusually fast.
You are covered in fur. (AC +1)
You have tough skin. (AC +1)
You occasionally shout uncontrollably at your foes.


Message History

The wight hits you with a +3 scimitar of freezing!
The wight freezes you.
You scratch the wight.
The wight is severely damaged.
The wight hits you with a +3 scimitar of freezing!
The wight freezes you.
You closely miss the wight.
The wight is severely damaged.
The wight hits you with a +3 scimitar of freezing.
The wight freezes you.
You scratch the wight.
The wight is almost destroyed.
The wight hits you with a +0 flail!
You scratch the wight but do no damage.
The wight is almost destroyed.
The wight hits you with a +3 scimitar of freezing.
You feel drained. The wight freezes you. The wight misses you.
You closely miss the wight.
The wight is almost destroyed.
The wight barely misses you. The wight hits you with a +0 flail.
You completely miss the wight.
The wight is almost destroyed.
The wight hits you but does no damage.
You closely miss the wight.
The wight is almost destroyed.
The wight hits you with a +0 flail.
You feel drained. The wight hits you but does no damage.
You closely miss the wight.
The wight is almost destroyed.
The wight hits you with a +0 flail!
You feel drained.
The wight hits you with a +3 scimitar of freezing!
* * * LOW HITPOINT WARNING * * *
The wight freezes you.
* * * LOW HITPOINT WARNING * * *
You scratch the wight but do no damage.
The wight is almost destroyed.
The wight hits you with a +0 flail!
* * * LOW HITPOINT WARNING * * *
The wight hits you with a +3 scimitar of freezing!
You die...

##.#..##.....# #........##.#
#...#[#...###.# ..
#.###.........## .#
/P.P................#### .#
...........###...#.....####.#
.)P........ ##.)###........#
####.P........##.).####.......###
#.>#...P......#.@#<.##..).......#
#.$#....).......zz)..............
#'##..P......##.)..............#.
.........######)...............#
.......P#####>.................#
....P...###...#########.......##
...............## #<........#
....P##.........## #.........#
.#.###...........# #.........#


You could see 2 wights.

Vanquished Creatures
  Maggie (D:9)
  Grinder (D:5)
  A hornet (D:8)
  A shadow (D:9)
  A wyvern (D:7)
  A wraith (Ossuary)
  2 steam dragons
  Edmund (D:5)
  2 water moccasins
  3 orc warriors
  4 ice beasts (D:7)
  2 sky beasts
  3 black bears
  2 ogres (D:5)
  A necrophage (D:4)
  A centaur (D:9)
  A phantom (D:5)
  A kobold brigand (D:9)
  2 bullfrogs
  A gnoll sergeant (D:7)
  5 scorpions
  7 wights
  A bullfrog zombie (D:5)
  2 centaur zombies
  3 hounds
  4 orc priests
  A bullfrog skeleton (D:5)
  A centaur skeleton (D:6)
  A gnoll shaman (D:6)
  3 iron imps (D:3)
  4 iguanas
  9 orc wizards
  A killer bee zombie (D:7)
  2 hound skeletons (D:5)
  A mummy (Ossuary)
  6 adders
  15 gnolls
  An ufetubus (D:7)
  An adder skeleton (D:4)
  3 worms
  2 dart slugs
  23 orcs
  6 bats
  11 endoplasms
  6 giant cockroaches
  8 goblins
  7 hobgoblins
  7 jackals (D:1)
  8 quokkas
  9 ball pythons
  3 frilled lizards
  8 gnoll skeletons (Ossuary)
  11 kobolds
  7 kobold skeletons (Ossuary)
  10 orc skeletons (Ossuary)
  6 rats
235 creatures vanquished.

Vanquished Creatures (others)
  10 fungi (D:9)
  54 plants
  A withered plant (D:2)
65 creatures vanquished.

Grand Total: 300 creatures vanquished

Notes
Turn   | Place    | Note
-------+----------+-------------------------------------------
     0 | D:1      | mathmaestro the Troll Monk began the quest for the Orb.
     0 | D:1      | Reached XP level 1. HP: 22/22 MP: 0/0
    65 | D:1      | Reached XP level 2. HP: 28/29 MP: 1/1
   554 | D:1      | Reached XP level 3. HP: 31/36 MP: 2/2
  1152 | D:2      | Reached XP level 4. HP: 43/45 MP: 3/3
  1420 | D:2      | Found a faded altar of an unknown god.
  1678 | D:3      | Found a shimmering blue altar of Sif Muna.
  1816 | D:3      | Reached skill level 1 in Throwing
  1818 | D:3      | Reached XP level 5. HP: 41/53 MP: 4/4
  1819 | D:3      | Reached skill level 1 in Armour
  2276 | D:3      | Found a burning altar of Makhleb.
  2292 | D:3      | Reached skill level 4 in Unarmed Combat
  2483 | D:3      | Reached XP level 6. HP: 38/61 MP: 5/5
  2561 | D:4      | Found an ancient bone altar of Kikubaaqudgha.
  2631 | D:4      | Found a sand-covered staircase.
  2641 | Ossuary  | Entered an ossuary
  2641 | Ossuary  | Noticed a wraith
  2641 | Ossuary  | Noticed a wraith
  2641 | Ossuary  | Noticed a wraith
  2703 | Ossuary  | Noticed a wraith
  2711 | Ossuary  | Killed a wraith
  3078 | D:4      | Found a glowing golden altar of the Shining One.
  3081 | D:4      | Reached XP level 7. HP: 68/68 MP: 6/6
  3103 | D:4      | Found a sacrificial altar of Ru.
  3253 | D:4      | Gained mutation: You occasionally shout uncontrollably at
                  | your foes. [potion of mutation]
  3253 | D:4      | Gained mutation: You have large cloven feet. [potion of
                  | mutation]
  3253 | D:4      | Lost mutation: You have large cloven feet. [potion of
                  | mutation]
  3390 | D:5      | Entered Level 5 of the Dungeon
  3544 | D:5      | Reached skill level 5 in Unarmed Combat
  3668 | D:5      | Found a staircase to the Ecumenical Temple.
  3712 | D:5      | Noticed Grinder
  3727 | D:5      | Paralysed by Grinder for 2 turns
  3730 | D:5      | Killed Grinder
  3731 | D:5      | Reached XP level 8. HP: 47/79 MP: 7/7
  3786 | Temple   | Entered the Ecumenical Temple
  4123 | D:5      | Noticed Edmund
  4172 | D:5      | Killed Edmund
  4173 | D:5      | Reached skill level 5 in Fighting
  4173 | D:5      | Reached skill level 5 in Dodging
  4173 | D:5      | Reached skill level 6 in Unarmed Combat
  4491 | D:6      | Reached XP level 9. HP: 52/88 MP: 8/8
  4785 | D:6      | Found a sparkling altar of Nemelex Xobeh.
  4976 | D:7      | Found an opulent altar of Gozag.
  5137 | D:7      | Found Tigimam's Antique Weapon Shop.
  5171 | D:7      | Reached skill level 5 in Throwing
  5272 | D:7      | You fall into a shaft and drop 3 floors!
  5272 | D:10     | Entered Level 10 of the Dungeon
  5295 | D:9      | Found a shimmering altar of Xom.
  5316 | D:9      | Found a shimmering altar of Xom.
  5325 | D:9      | Found a shimmering altar of Xom.
  5325 | D:9      | Found a shimmering altar of Xom.
  5325 | D:9      | Found a shimmering altar of Xom.
  5326 | D:9      | Found a shimmering altar of Xom.
  5326 | D:9      | Found a shimmering altar of Xom.
  5327 | D:9      | Found a shimmering altar of Xom.
  5336 | D:8      | Found a white marble altar of Elyvilon.
  5490 | D:7      | HP: 4/89 [gnoll sergeant (9)]
  5520 | D:7      | Reached skill level 7 in Unarmed Combat
  5652 | D:7      | Found a radiant altar of Vehumet.
  5934 | D:7      | Found an iron altar of Okawaru.
  5935 | D:7      | Found a bloodstained altar of Trog.
  6073 | D:8      | Reached skill level 5 in Armour
  6217 | D:8      | Reached XP level 10. HP: 91/98 MP: 9/9
  6369 | D:8      | Found Rodihegi's Antique Weapon Shoppe.
  6546 | D:9      | Noticed Maggie
  6557 | D:9      | Killed Maggie
  6795 | D:9      | Found a staircase to the Lair.
  6945 | D:9      | Slain by a wight

Illustrated notes

Levels and vault maps discovered:
D:1:      erik_arrival_blinker_ship, layout_basic
D:2:      minmay_razor_zed, layout_loops_cross,
          ebering_ecumenical_altar_petrified
D:3:      layout_rooms, mainiacjoe_overflow_24_doors, demons_altar
D:4:      layout_rooms, mainiacjoe_overflow_alcove_1,
          mainiacjoe_overflow_catch_the_wave, nicolae_ossuary_entry_monument,
          bh_walls_and_bars
D:5:      layout_rooms, minmay_temple_entry_nine_rooms, uniq_edmund,
          uniq_grinder
D:6:      layout_rooms, nicolae_overflow_hidden_temple
D:7:      layout_loops_ring, grunt_temple_overflow_bloody_war, vehumet_crystals,
          nicolae_gozag_cash_rules_everything_around_me, serial_shops,
          nicolae_shop_crystal, hangedman_glass_teeth
D:8:      layout_basic, elyvilon_altar_4, serial_shops, nicolae_shop_statue_plus
D:9:      layout_rooms, xom_shifter_show, grunt_lair_entry_orc_guard_hut,
          uniq_maggie
D:10:     nzn_winding_woodlands_stair_cross [nzn_winding_woodlands_5x15_jagged,
          nzn_winding_woodlands_center_pierced_h,
          nzn_winding_woodlands_5x15_pathside_ponds,
          nzn_winding_woodlands_5x5_three, nzn_winding_woodlands_5x5_default,
          nzn_winding_woodlands_5x15_crooked,
          nzn_winding_woodlands_center_triple_pond,
          nzn_winding_woodlands_5x15_zeroes], layout_loops_ring,
          grunt_ministairs_3, uniq_nergalle
Temple:   eino_temple_lava

Skill      XL: |  1  2  3  4  5  6  7  8  9 10 |
---------------+-------------------------------+-----
Fighting       | 3 4 5 6 |  6.3
Dodging        | 3 4 5 6 |  6.3
Throwing       | 1 2 3 4 5 6 |  6.1
Armour         | 1 2 3 5 |  5.4
Unarmed Combat | 4 5 6 7 |  7.6
Stealth        | |  1.0

Action                   |  1- 3 |  4- 6 |  7- 9 | 10-12 || total
-------------------------+-------+-------+-------+-------++-------
Melee: Unarmed           |   106 |   210 |   348 |   127 ||   791
       Punch             |       |     4 |    12 |     7 ||    23
Evoke: Wand              |       |       |     2 |     1 ||     3
  Use: Scroll            |       |       |    17 |       ||    17
       Potion            |       |       |     6 |       ||     6
 Stab: Sleeping          |     3 |     2 |       |       ||     5
       Paralysed         |       |       |       |     5 ||     5
Armor: Robe              |    46 |    71 |    14 |       ||   131
       Steam dragon scal |       |       |   100 |    18 ||   118
       Swamp dragon scal |       |       |       |    26 ||    26
Dodge: Dodged            |    52 |   108 |   179 |    53 ||   392

Table legend: (Time is in decaauts)
 A = Elapsed time spent in this place.
 B = Non-inter-level travel time spent in this place.
 C = Inter-level travel time spent in this place.
 D = Time resting spent in this place.
 E = Time spent auto-exploring this place.
 F = Levels seen in this place.
 G = Mean time per level.
                   A        B        C        D        E       F      G
               +--------+--------+--------+--------+--------+-----+--------+
         Total |   6905 |   6536 |    369 |    430 |   4144 |  12 |  575.4 |
       Dungeon |   6620 |   6259 |    361 |    430 |   3997 |  10 |  662.0 |
        Temple |     71 |     64 |      7 |      0 |     61 |   1 |   71.0 |
       Ossuary |    213 |    213 |      0 |      0 |     86 |   1 |  213.0 |
               +--------+--------+--------+--------+--------+-----+--------+

Top non-repeatable levels by time:
     D:5: 988 daAuts
     D:2: 986 daAuts
     D:1: 852 daAuts
     D:7: 844 daAuts
     D:4: 759 daAuts
     D:8: 682 daAuts
     D:3: 655 daAuts
     D:6: 453 daAuts
     D:9: 385 daAuts
 Ossuary: 213 daAuts
  Temple: 71 daAuts
    D:10: 12 daAuts
